 Dungeon Crawl Stone Soup version 0.29.1-12-g30fa7ad0bf (webtiles) character file.

Game seed: 10450659683435469575

70207 KittyFluff the Tortoise (level 15, -1/96 HPs)
             Began as a Gargoyle Berserker on Jan 15, 2023.
             Was a High Priest of Trog.
             Killed by divine providence
             ... invoked by a meliai
              (12 damage)
             ... on level 13 of the Dungeon.
             The game lasted 02:41:20 (24836 turns).

KittyFluff the Tortoise (Gargoyle Berserker)       Turns: 24836, Time: 02:41:20

Health: -1/96      AC: 29    Str: 28    XL:     15   Next: 32%
Magic:  15/15      EV: 12    Int: 12    God:    Trog [*****.]
Gold:   983        SH: 16    Dex: 16    Spells: 14/14 levels left

rFire   + . .      SeeInvis +   E - +6 shillelagh "Devastator" {shatter}
rCold   + . .      Faith    .   N - +0 kite shield
rNeg    + . .      Spirit   .   v - +0 chain mail
rPois   ∞          Reflect  +   s - +3 crown of Dyrovepreva {rElec Int+2 SInv}
rElec   +          Harm     .   Y - scarf {rC+ rF+}
rCorr   .          Rampage  .   U - +0 pair of gloves {Dex+3}
Will    +....                   (no boots)
Stlth   +.........              J - amulet of reflection
HPRegen 0.26/turn               Z - +4 ring of slaying
MPRegen 0.14/turn               M - +6 ring of strength

@: flying, studying Armour
A: sickness immunity, AC +11, big wings, negative energy resistance 1,
electricity resistance, torment resistance 1, petrification resistance
a: Renounce Religion, Berserk, Trog's Hand, Brothers in Arms


You were on level 13 of the Dungeon.
You worshipped Trog.
Trog was extremely pleased with you.
You visited 3 branches of the dungeon, and saw 20 of its levels.
You visited the Abyss 1 time.

You collected 3208 gold pieces.
You spent 2225 gold pieces at shops.

Inventory:

Hand Weapons
 a - a +3 morningstar
 r - a +0 vorpal demon whip
 E - the +6 shillelagh "Devastator" (weapon) {shatter}
   (You found it on level 5 of the Dungeon)

   It releases a powerful concussive burst when it strikes, dealing extra damage
   to the target and all other foes adjacent to them.
Missiles
 c - 36 poisoned darts (quivered)
 k - 14 boomerangs
 p - 2 curare-tipped darts
 O - 3 atropa-tipped darts
Armour
 s - the +3 crown of Dyrovepreva (worn) {rElec Int+2 SInv}
   (You found it on level 2 of the Dungeon)

   Int:       It affects your intelligence (+2).
   rElec:     It insulates you from electricity.
   SInv:      It lets you see invisible.
 v - a +0 chain mail (worn)
 G - a +0 ring mail of positive energy
 L - a +1 ring mail of cold resistance
 N - a +0 kite shield (worn)
 Q - a +1 leather armour of fire resistance
 U - a +0 pair of gloves of dexterity (worn)
 V - a +0 troll leather armour
 Y - a scarf of resistance (worn)
Jewellery
 J - an amulet of reflection (around neck)
 M - a +6 ring of strength (right hand)
 T - a ring of fire
 Z - a +4 ring of slaying (left hand)
Wands
 w - a wand of iceblast (11)
 x - a wand of digging (1)
 z - a wand of flame (27)
 F - a wand of charming (27)
 I - a wand of light (22)
Scrolls
 b - 2 scrolls of fear
 e - 6 scrolls of fog
 f - 9 scrolls of teleportation
 g - a scroll of torment
 j - 4 scrolls of immolation {unknown}
 l - 8 scrolls of enchant weapon
 o - 3 scrolls of enchant armour {unknown}
 t - 4 scrolls of blinking {unknown}
 y - 3 scrolls of summoning
 A - 4 scrolls of noise {unknown}
 C - 3 scrolls of brand weapon {unknown}
 D - 4 scrolls of poison {unknown}
 K - 3 scrolls of amnesia {unknown}
 X - 3 scrolls of magic mapping
Potions
 d - 3 potions of ambrosia
 h - 6 potions of might
 i - 4 potions of curing
 m - 4 potions of mutation
 n - 3 potions of lignification
 q - 4 potions of attraction
 u - a potion of invisibility
 B - 10 potions of heal wounds
 H - 2 potions of cancellation
 P - a potion of flight {unknown}
 R - a potion of magic {unknown}
 S - 2 potions of resistance


   Skills:
 + Level 11.7 Fighting
 * Level 13.7 Maces & Flails
 - Level 1.3 Ranged Weapons
 * Level 16.2 Armour
 + Level 8.9 Dodging
 - Level 8.4 Stealth
 + Level 9.7 Shields


You had 14 spell levels left.
You didn't know any spells.
Your spell library was empty.

Dungeon Overview and Level Annotations

Branches:
Dungeon (13/15)            Temple (0/1) D:6            Lair (5/5) D:8
 Shoals (0/4) Lair:3       Spider (0/4) Lair:3          Orc (2/2) D:11
    Elf (0/3) Orc:2
  Slime: Lair:4-5    Vaults: D:13-14

Altars:
Cheibriados
Dithmenos
Elyvilon
Hepliaklqana
Kikubaaqudgha
Makhleb
Nemelex Xobeh
Ru
Trog
Xom
The Shining One
Jiyva

Shops:
D:4 *   D:7 [   Orc:2 :*[(

Portals:
Hell: Lair:5
Trove: D:11 (give 2 scrolls of acquirement)

Annotations:
Lair:4 exclusion: oklob plant


Innate Abilities, Weirdness & Mutations

You are immune to sickness and miasma.
Your stone body is resilient. (AC +11)
You are immune to poison.
Your large and strong wings let you fly.
You resist negative energy. (rN+)
You are resistant to electric shocks. (rElec)
You are resistant to unholy torment.
You are immune to petrification.


Message History

Trog accepts your kill.
You hear a roar!
You hear an angry buzzing noise.
The meliai calls down the wrath of its god upon you.
Something smites you!
You closely miss the white imp.
The white imp is heavily wounded.
You block the white imp's attack.
You bludgeon the white imp!!
The meliai shudders.
The meliai is lightly wounded.
You kill the white imp!
Trog accepts your kill.
The meliai invokes the aid of its god against you.
Something smites you!
* * * LOW HITPOINT WARNING * * *
A meliai comes into view. It is wielding a +0 hand axe.
The meliai invokes the aid of its god against you.
Something smites you!
* * * LOW HITPOINT WARNING * * *
You feel much better. You block the meliai's attack. x2
You sock the meliai!
The meliai shudder.
The meliai is severely wounded. x2
You block the meliai's attack.
The meliai stings you but does no damage.
An acid dragon comes into view.
The meliai calls upon its god to heal the meliai.
The meliai is healed somewhat.
You block the meliai's attack. x2
You closely miss the meliai.
The meliai is heavily wounded.
You block the meliai's attack. x2
You barely miss the meliai.
The meliai is heavily wounded.
The meliai calls down the wrath of its god upon you.
Something smites you!
* * * LOW HITPOINT WARNING * * *
The meliai mumbles some strange prayers to its god against you.
Something smites you!
* * * LOW HITPOINT WARNING * * *
The meliai invokes the aid of its god against you.
Something smites you!
You die...

############
#..yyy@....#
#D########.#
#..# #.#
H...# #.#
~....# #.#
~~~.~.# #.#
########
S~~~~..# #.#
#......#
.~~5~5..#
##.###.####.#
..~~~≈~..#
#.........#.#


You could see an acid dragon and 3 meliai.

Vanquished Creatures
  Gastronok (Lair:1)
  2 orc warlords
  Josephine (Lair:5)
  5 hydras
  A boulder beetle (Lair:5)
  4 two-headed ogres
  13 death yaks
  The ghost of mkat the Sneak, a novice DsBr of Dithmenos (Lair:1)
  An orc high priest (Orc:2)
  A fire crab (Lair:5)
  5 skeletal warriors (D:12)
  A sun demon (Lair:5)
  Lodul (D:10)
  A wizard (Lair:5)
  2 orc knights
  5 orc sorcerers
  A cyclops (D:9)
  3 manticores
  An ugly thing (D:12)
  20 elephants
  6 black mambas
  A gargoyle (D:11)
  3 torpor snails
  7 cane toads
  7 komodo dragons
  4 rime drakes
  An ice devil (Lair:5)
  A hellwing (Lair:5)
  A red devil (Lair:5)
  9 trolls
  A polar bear (D:13)
  3 hornets
  20 blink frogs
  3 dream sheep (Lair:5)
  2 centaur simulacra (D:13)
  A culicivora (Lair:3)
  A shadow (D:10)
  29 yaks
  2 wyverns
  3 wraiths (Lair:5)
  4 basilisks
  3 fire bats (Lair:1)
  3 steam dragons
  3 wargs
  3 vampire mosquitoes (D:12)
  An acid dragon (D:12)
  11 water moccasins
  Duvessa (D:5)
  4 hell hounds (Lair:5)
  32 orc warriors
  An ice beast (D:6)
  4 black bears
  15 ogres
  16 wolves
  A centaur (D:9)
  3 kobold brigands
  A phantom (D:5)
  2 scorpions
  7 gnoll sergeants
  14 bullfrogs
  2 necrophages
  4 wights (D:6)
  Dowan (D:5)
  7 killer bees (D:9)
  5 howler monkeys (D:6)
  12 hounds
  15 orc priests
  A jelly (D:7)
  A gnoll bouda (D:6)
  18 orc wizards
  20 gnolls
  4 adders
  4 white imps
  2 ufetubi (D:5)
  A worm (D:3)
  46 orcs
  11 endoplasms
  3 giant cockroaches
  4 goblins
  3 hobgoblins
  10 jackals
  16 kobolds
  2 quokkas (D:1)
  7 ball pythons
  5 bats
  2 frilled lizards
  5 rats
  A bush (Lair:1)
516 creatures vanquished.

Vanquished Creatures (collateral kills)
  3 orange demons (Lair:5)
  A hell hound (Lair:5)
4 creatures vanquished.

Vanquished Creatures (others)
  A human (D:4)
  49 fungi
  34 plants
  3 starspawn tentacles (Abyss:2)
87 creatures vanquished.

Grand Total: 607 creatures vanquished

Notes
Turn   | Place    | Note
-------+----------+-------------------------------------------
     0 | D:1      | KittyFluff the Gargoyle Berserker began the quest for the
                  | Orb.
     0 | D:1      | Reached XP level 1. HP: 14/14 MP: 1/1
   123 | D:1      | Reached XP level 2. HP: 9/19 MP: 2/2
   277 | D:1      | You fall into a shaft and drop 1 floor!
   492 | D:1      | Reached XP level 3. HP: 22/23 MP: 3/3
   558 | D:1      | Reached skill level 3 in Armour
   715 | D:1      | Reached ** piety under Trog
   897 | D:1      | Found a faded altar of an unknown god.
  1034 | D:2      | Found a hazy altar of Hepliaklqana.
  1327 | D:2      | Reached XP level 4. HP: 29/29 MP: 4/4
  1386 | D:2      | Found the +3 crown of Dyrovepreva {rElec Int+2 SInv}
  2013 | D:3      | Found a shadowy altar of Dithmenos.
  2228 | D:4      | Found an ancient bone altar of Kikubaaqudgha.
  2228 | D:4      | Noticed a human
  2231 | D:4      | Killed a human
  2635 | D:4      | Reached XP level 5. HP: 29/33 MP: 5/5
  2688 | D:4      | Found Yjupt's Fire Supplies.
  2760 | D:4      | Identified the +4 spear "Emuath" {vorpal, rPois Will+ SInv}
  2869 | D:5      | Entered Level 5 of the Dungeon
  2872 | D:5      | Found Pagix's CLEARANCE SALE!.
  2897 | D:5      | Reached skill level 4 in Armour
  3182 | D:5      | Noticed a phantom
  3208 | D:5      | Killed a phantom
  3318 | D:5      | Found the +6 shillelagh "Devastator" {shatter}
  3331 | D:5      | Reached XP level 6. HP: 32/39 MP: 6/6
  3720 | D:5      | Noticed a water moccasin
  3726 | D:5      | Killed a water moccasin
  3727 | D:5      | Reached skill level 5 in Armour
  3742 | D:5      | Noticed Duvessa
  3742 | D:5      | Noticed Dowan
  3753 | D:5      | Killed Duvessa
  3754 | D:5      | Reached XP level 7. HP: 39/44 MP: 7/7
  3755 | D:5      | Killed Dowan
  4004 | D:6      | Reached skill level 5 in Fighting
  4030 | D:6      | Found a staircase to the Ecumenical Temple.
  4052 | D:6      | Reached skill level 6 in Armour
  4113 | D:6      | Reached XP level 8. HP: 49/49 MP: 8/8
  4129 | D:6      | Reached skill level 5 in Maces & Flails
  4267 | D:6      | Found a shimmering altar of Xom.
  4552 | D:6      | Found a white marble altar of Elyvilon.
  4557 | D:6      | Reached skill level 7 in Armour
  4560 | D:6      | Found a sparkling altar of Nemelex Xobeh.
  4562 | D:6      | Found a bloodstained altar of Trog.
  4562 | D:6      | Found a hazy altar of Hepliaklqana.
  4568 | D:6      | Found a snail-covered altar of Cheibriados.
  4576 | D:6      | Reached *** piety under Trog
  4921 | D:6      | Noticed a two-headed ogre
  4940 | D:6      | Killed a two-headed ogre
  4941 | D:6      | Reached skill level 8 in Armour
  4941 | D:6      | Reached XP level 9. HP: 26/56 MP: 9/9
  5531 | D:6      | Reached skill level 1 in Shields
  5806 | D:6      | Reached skill level 9 in Armour
  6206 | D:6      | Reached skill level 5 in Dodging
  6484 | D:6      | Reached **** piety under Trog
  6485 | D:6      | Reached XP level 10. HP: 61/63 MP: 10/10
  7445 | D:7      | Found Xaphiuq's Armour Emporium.
  7465 | D:7      | Bought a +0 pair of gloves of dexterity for 161 gold pieces
  8230 | D:8      | Reached skill level 10 in Armour
  8348 | D:8      | Found a sacrificial altar of Ru.
  8633 | D:8      | Found a staircase to the Lair.
  9403 | D:9      | Noticed a cyclops
  9419 | D:9      | Killed a cyclops
  9563 | D:9      | Noticed a two-headed ogre
  9577 | D:9      | Killed a two-headed ogre
  9578 | D:9      | Reached skill level 5 in Stealth
 10022 | D:10     | Entered Level 10 of the Dungeon
 10026 | D:10     | Identified the +7 scimitar of Loato {distort, Drain rPois
                  | rN+}
 10181 | D:10     | Found a glowing golden altar of the Shining One.
 10225 | D:10     | Reached XP level 11. HP: 55/68 MP: 11/11
 10783 | Lair:1   | Entered Level 1 of the Lair of Beasts
 10860 | Lair:1   | Reached skill level 11 in Armour
 10974 | Lair:1   | Reached skill level 5 in Shields
 11107 | Lair:1   | Noticed a death yak
 11118 | Lair:1   | Killed a death yak
 11144 | Lair:1   | Reached ***** piety under Trog
 11154 | Lair:1   | Reached XP level 12. HP: 30/75 MP: 12/12
 11291 | Lair:1   | Found a large runed translucent door.
 11292 | Lair:1   | Found a large runed translucent door.
 11294 | Lair:1   | Noticed mkat's ghost (novice DsBr)
 11437 | Lair:1   | Killed mkat's ghost
 11498 | Lair:1   | Reached skill level 12 in Armour
 11553 | Lair:1   | Noticed Gastronok
 11582 | Lair:1   | Killed Gastronok
 12024 | Lair:2   | Reached skill level 10 in Maces & Flails
 13085 | Lair:3   | Found a staircase to the Shoals.
 13261 | Lair:3   | Found a hole to the Spider Nest.
 13403 | Lair:3   | Noticed a four-headed hydra
 13412 | Lair:3   | Killed a four-headed hydra
 13413 | Lair:3   | Reached skill level 13 in Armour
 13413 | Lair:3   | Reached XP level 13. HP: 69/81 MP: 13/13
 13545 | Lair:3   | Received a gift from Trog
 14315 | Lair:4   | Reached skill level 10 in Fighting
 15364 | Lair:3   | Reached skill level 1 in Ranged Weapons
 16020 | Lair:4   | Found a viscous altar of Jiyva.
 16102 | Lair:5   | Entered Level 5 of the Lair of Beasts
 16501 | Lair:5   | Reached skill level 14 in Armour
 16868 | Lair:5   | Gained mutation: Your large and strong wings let you fly.
                  | [Gargoyle growth]
 16868 | Lair:5   | Reached XP level 14. HP: 86/88 MP: 14/14
 16917 | Lair:5   | Noticed Josephine
 16937 | Lair:5   | Killed Josephine
 18465 | Lair:5   | Received a gift from Trog
 18757 | Abyss:2  | Cast into level 2 of the Abyss (a wizard)
 18770 | Abyss:2  | Noticed an ironbound thunderhulk
 18778 | Abyss:2  | Noticed a red very ugly thing
 18780 | Abyss:2  | Noticed an ironbound thunderhulk
 18780 | Abyss:2  | Noticed a white very ugly thing
 18785 | Abyss:2  | Noticed an ironbound thunderhulk
 18796 | Abyss:2  | Noticed a starcursed mass
 18836 | Abyss:2  | Noticed a starcursed mass
 18865 | Abyss:2  | Noticed a starcursed mass
 18879 | Abyss:2  | Paralysed by accursed screaming for 1 turns
 18881 | Abyss:2  | Noticed a tentacled starspawn
 18882 | Abyss:2  | Noticed a tentacled starspawn
 18946 | Abyss:2  | Noticed a lich
 19038 | Lair:5   | Escaped the Abyss
 19053 | Lair:5   | Reached skill level 15 in Armour
 19248 | Lair:5   | Found a burning altar of Makhleb.
 19490 | Lair:5   | Found a gateway to Hell.
 20118 | D:11     | Noticed Lodul
 20329 | D:10     | Killed Lodul
 20762 | D:11     | Found a portal to a secret trove of treasure.
 21086 | D:11     | Found a staircase to the Orcish Mines.
 21217 | Orc:1    | Entered Level 1 of the Orcish Mines
 21241 | Orc:1    | Noticed an orc warlord
 21274 | D:11     | Killed an orc warlord
 21978 | Orc:2    | Entered Level 2 of the Orcish Mines
 22081 | Orc:2    | Paralysed by an orc sorcerer for 2 turns
 22447 | Orc:2    | Found Lysh's Antique Armour Shop.
 22638 | Orc:2    | Found Mopoij's Antique Weapon Boutique.
 22736 | Orc:2    | Reached XP level 15. HP: 95/95 MP: 15/15
 22799 | Orc:2    | Bought a faintly glowing cloak for 209 gold pieces
 22799 | Orc:2    | Identified the +0 cloak of the Elven Halls {rPois rF-
                  | Str+2} (You bought it in a shop on level 2 of the Orcish
                  | Mines)
 22808 | Orc:2    | Noticed an orc warlord
 22822 | Orc:2    | Killed an orc warlord
 23056 | Orc:2    | Found a staircase to the Elven Halls.
 23084 | Orc:2    | Found Umaocamy's Book Shop.
 23111 | Orc:2    | Bought a manual of Armour for 1120 gold pieces
 23119 | Orc:2    | Found Jipeaz's General Store.
 23143 | Orc:2    | Bought a scroll of identify for 34 gold pieces
 23227 | Orc:2    | Received a gift from Trog
 23293 | Orc:2    | Bought a shiny plate armour for 572 gold pieces
 23899 | D:12     | Reached skill level 16 in Armour
 24582 | Orc:2    | Bought a hand crossbow for 129 gold pieces
 24836 | D:13     | Killed from afar by a meliai

Illustrated notes

Levels and vault maps discovered:
D:1:      eino_arrival_water_star, layout_rooms,
          chequers_ecumenical_altar_simple, nicolae_titane
D:2:      layout_rooms, basic_altar
D:3:      layout_rooms, grunt_dithmenos_smoke_and_mirrors,
          dreamdust_princess_bridge, minmay_misc_feat_hallway
D:4:      layout_loops_cross, tgw_kikubaaqudgha, nicolae_shop_fire_sale
          [nicolae_sub_dead_trees], minivault_26
D:5:      layout_layer_cave, corexii_item_surrounded_by_moat,
          nicolae_shop_clearance, uniq_duvessa
D:6:      lemuel_castle_with_subvaults [lemuel_castle_interior_carwin_3],
          layout_rooms, nicolae_overflow_hallway_of_the_gods,
          kennysheep_mini_moat, minmay_temple_entry_gardened_gates
D:7:      layout_basic, serial_shops, shop_coins
D:8:      layout_cave_pods, nicolae_ru_awakened_eye, david_lair_generic
D:9:      layout_cave_pods
D:10:     layout_basic, mainiacjoe_overflow_surrounded_room
D:11:     layout_cave_pods, david_orc_4, enter_trove_6, minmay_misc_feat_five,
          uniq_lodul
D:12:     layout_basic, chequers_serial_rivers_large_a
D:13:     layout_basic, ebering_ghost_funeral_grove, serial_ice, serial_ice_o,
          serial_ice_f, serial_ice_n, serial_ice_m
Lair:1:   layout_long_grid, nicolae_volcano_entry_batcave,
          ebering_ghost_disaster_area, lemuel_fruit_tree, grunt_megastairs_2,
          uniq_gastronok
Lair:2:   layout_regular_city
Lair:3:   cheibrodos_lair_river_kwai, layout_hall_layers, shoals_dummy_entry,
          spider_nest_entry_rubble, infiniplex_staircase_pool,
          grunt_megastairs_5
Lair:4:   layout_misc_corridors, minmay_slime_entry_oklob_enclosed
Lair:5:   evil_forest, layout_cave_pods, grunt_megastairs_3, uniq_josephine
Orc:1:    layout_caves
Orc:2:    grunt_orc_gardens, layout_caves, grunt_orc_garden, grunt_orc_garden,
          grunt_orc_garden, grunt_orc_garden, minmay_orc_temple_b

Skill      XL: |  1  2  3  4  5  6  7  8  9 10 11 12 13 14 15 |
---------------+----------------------------------------------+-----
Armour         | 3 4 5 6 8 9 10 11 13 14 15 16 | 16.2
Dodging        | 2 3 4 5 6 7 8 |  8.9
Fighting       | 4 5 6 7 8 9 10 11 | 11.7
Maces & Flails | 4 6 8 9 10 12 13 | 13.7
Stealth        | 2 3 5 6 8 |  8.4
Shields        | 2 4 5 6 8 9 |  9.7
Ranged Weapons | 1 |  1.3

Action                   |  1- 3 |  4- 6 |  7- 9 | 10-12 | 13-15 || total
-------------------------+-------+-------+-------+-------+-------++-------
Melee: Mace              |   115 |   111 |    19 |       |       ||   245
       Punch             |     1 |       |     3 |       |       ||     4
       Shillelagh        |       |     9 |    75 |   328 |   526 ||   938
       Flail             |       |       |   143 |    11 |       ||   154
       Demon whip        |       |       |       |       |   156 ||   156
 Fire: Sling             |       |       |       |       |   530 ||   530
Throw: Dart              |       |       |     3 |     5 |    16 ||    24
Invok: Berserk           |       |       |     1 |       |     2 ||     3
       Brothers in Arms  |       |       |       |       |     1 ||     1
Evoke: Wand              |       |       |       |       |     3 ||     3
  Use: Scroll            |     1 |       |       |    11 |    10 ||    22
       Potion            |       |       |       |       |     3 ||     3
 Stab: Sleeping          |       |       |       |     3 |     3 ||     6
Armor: Animal skin       |    24 |       |       |       |       ||    24
       Leather armour    |    28 |    42 |    50 |       |       ||   120
       Ring mail         |       |       |    65 |   160 |   139 ||   364
       Chain mail        |       |       |       |       |    60 ||    60
Dodge: Dodged            |    92 |    92 |   178 |   179 |   215 ||   756
Block: Kite shield       |       |       |       |   171 |   372 ||   543
       Reflection        |       |       |       |       |    24 ||    24
